 Dungeon Crawl Stone Soup version 0.25.1-2-g60ff931df9 (webtiles) character file.

Game seed: 1359503262269230913

721 Almogavar the Chopper (level 7, -8/61 HPs)
             Began as a Hill Orc Fighter on Sept 5, 2020.
             Was an Initiate of Makhleb.
             Mangled by a gnoll
             ... wielding a +0 halberd
              (9 damage)
             ... on level 5 of the Dungeon.
             The game lasted 00:13:21 (6084 turns).

Almogavar the Chopper (Hill Orc Fighter)            Turns: 6084, Time: 00:13:21

Health: -8/61      AC:  9    Str: 21    XL:     7   Next: 71%
Magic:  7/7        EV:  8    Int:  8    God:    Makhleb [......]
Gold:   250        SH: 10    Dex: 10    Spells: 6/6 levels left

rFire    . . .     SeeInvis .   a - +1 war axe
rCold    . . .     Gourm    .   c - +0 kite shield
rNeg     . . .     Faith    .   b - +0 scale mail
rPois    .         Spirit   .   (no helmet)
rElec    .         Reflect  .   (no cloak)
rCorr    .         Harm     .   x - +1 pair of gloves
MR       .....                  (no boots)
Stlth    ..........             (no amulet)
HPRegen  0.20/turn              (no ring)
MPRegen  0.10/turn              (no ring)

@: hasted, very quick
A: no striking features
a: Renounce Religion


You were on level 5 of the Dungeon.
You worshipped Makhleb.
Makhleb was noncommittal.
You were not hungry.

You visited 1 branch of the dungeon, and saw 5 of its levels.

You collected 250 gold pieces.

Inventory:

Hand Weapons
 a - a +1 war axe (weapon)
 m - a +0 hunting sling
Missiles
 e - 156 stones (quivered)
 w - 26 sling bullets
Armour
 b - a +0 scale mail (worn)
 c - a +0 kite shield (worn)
 l - a +0 chain mail
 o - a +0 plate armour
 x - a +1 pair of gloves (worn)
Jewellery
 y - an uncursed ring of resist corrosion
Wands
 q - a wand of random effects (17)
 u - a wand of paralysis (8)
Scrolls
 h - 4 scrolls of enchant weapon
 j - a scroll of enchant armour
 p - 3 scrolls of teleportation
 r - a scroll of amnesia
 A - a scroll of remove curse
Potions
 d - a potion of might
 g - 2 potions of lignification {unknown}
 i - a potion of flight {unknown}
 k - a potion of haste
 s - a potion of ambrosia {unknown}
 t - a potion of magic {unknown}
 v - a potion of heal wounds {unknown}
Comestibles
 f - 9 rations
 z - 2 chunks of flesh


   Skills:
 + Level 5.0 Fighting
 + Level 6.8 Axes
 + Level 5.1 Armour
 + Level 1.8 Dodging
 - Level 0.1 Stealth
 + Level 5.3 Shields


You had 6 spell levels left.
You didn't know any spells.
Your spell library contained the following spells:

 Spells                   Type           Power        Failure   Level  Hunger
 Beastly Appendage        Tmut           #.....       98%         1    ##.....
 Corona                   Hex            #......      98%         1    ##.....
 Slow                     Hex            #.......     99%         2    ###....
 Sticks to Snakes         Tmut           #.......     99%         2    ###....
 Inner Flame              Hex/Fire       #.......     100%        3    ####...
 Portal Projectile        Hex/Tloc       #.....       100%        3    ####...
 Spider Form              Tmut/Pois      #.........   100%        3    ####...
 Cause Fear               Hex            #.........   100%        4    #####..
 Ice Form                 Ice/Tmut       #.......     100%        4    #####..
 Leda's Liquefaction      Hex/Erth       #.........   100%        4    #####..
 Blade Hands              Tmut           #.........   100%        5    ######.


Dungeon Overview and Level Annotations

Branches:
Dungeon (5/15)             Temple (0/1) D:4

Altars:
Hepliaklqana
Kikubaaqudgha
Makhleb
Zin


Message History

You block the gnoll's attack. The gnoll barely misses you.
The gnoll shaman hits you but does no damage.
You hit the gnoll shaman.
The gnoll shaman is almost dead.
The gnoll hits you from afar with a +0 halberd!
* * * LOW HITPOINT WARNING * * *
The gnoll shaman hits you with a +0 whip.
* * * LOW HITPOINT WARNING * * *
You feel better.
The gnoll hits you from afar with a +0 halberd.
* * * LOW HITPOINT WARNING * * *
The gnoll shaman hits you with a +0 whip.
* * * LOW HITPOINT WARNING * * *
The gnoll hits you from afar with a +0 halberd.
* * * LOW HITPOINT WARNING * * *
The gnoll hits you from afar with a +0 halberd.
* * * LOW HITPOINT WARNING * * *
It was a potion of haste.
You feel yourself speed up.
The gnoll hits you from afar with a +0 halberd!
You die...

.... #. ..(........ ....
..### ###.(.8...# ## ........
...# ##[##.....# ...
.......####..# #...##(..#
.... .............# #....##)#
.....
.............###....##'#....#
.............##.....#......#
.......#####..#...gg.......#
........## ##...@gg.......##
.........###...............#
......##.........#..........#
....#####...#...###.....#...#
#...# #.......# #.....###.#
##..# #......## .....## #.
#..# #......# .##..# #..#
.####..# # #.# ##..# ## #.#


You could see a gnoll shaman and 3 gnolls.

Vanquished Creatures
  Duvessa (D:4)
  An ogre (D:5)
  A centaur (D:5)
  Dowan (D:4)
  A howler monkey (D:4)
  A bullfrog skeleton (D:4)
  A hound (D:4)
  An orc priest (D:3)
  4 worker ants
  5 adders
  A gnoll (D:5)
  An ooze (D:5)
  An adder skeleton (D:4)
  2 worms
  2 dart slugs
  4 leopard geckos
  6 orcs
  6 ball pythons
  10 giant cockroaches
  10 goblins
  7 hobgoblins
  7 jackals
  9 kobolds
  4 quokkas
  3 bats
  5 frilled lizards
  7 rats
102 creatures vanquished.

Notes
Turn   | Place    | Note
-------+----------+-------------------------------------------
     0 | D:1      | Almogavar the Hill Orc Fighter began the quest for the Orb.
     0 | D:1      | Reached XP level 1. HP: 19/19 MP: 1/1
    88 | D:1      | Reached XP level 2. HP: 23/27 MP: 2/2
   419 | D:1      | Reached XP level 3. HP: 31/33 MP: 3/3
   530 | D:1      | Reached skill level 3 in Axes
   929 | D:2      | You fall into a shaft and drop 1 floor!
  1509 | D:2      | Reached XP level 4. HP: 19/40 MP: 4/4
  2420 | D:2      | Reached skill level 1 in Dodging
  2503 | D:2      | Reached XP level 5. HP: 46/46 MP: 5/5
  2572 | D:2      | Found a hazy altar of Hepliaklqana.
  2572 | D:2      | Found an ancient bone altar of Kikubaaqudgha.
  3593 | D:3      | Reached skill level 4 in Axes
  3968 | D:3      | Found a burning altar of Makhleb.
  3971 | D:3      | Found a glowing silver altar of Zin.
  3972 | D:3      | Noticed an angel
  3972 | D:3      | Noticed an Executioner
  3975 | D:3      | Became a worshipper of Makhleb the Destroyer
  4200 | D:4      | Noticed Duvessa
  4200 | D:4      | Noticed Dowan
  4220 | D:4      | Killed Duvessa
  4220 | D:4      | Reached skill level 5 in Axes
  4220 | D:4      | Reached XP level 6. HP: 27/53 MP: 6/6
  4224 | D:4      | Killed Dowan
  4224 | D:4      | Reached skill level 5 in Shields
  4433 | D:4      | Found a staircase to the Ecumenical Temple.
  4728 | D:4      | Reached XP level 7. HP: 45/60 MP: 7/7
  5056 | D:4      | Reached skill level 6 in Axes
  5452 | D:5      | Entered Level 5 of the Dungeon
  5729 | D:5      | Reached skill level 5 in Fighting
  5729 | D:5      | Reached skill level 5 in Armour
  6078 | D:5      | HP: 2/61 [gnoll/+0 halberd (5)]
  6083 | D:5      | HP: 1/61 [gnoll/+0 halberd (2)]
  6084 | D:5      | Mangled by a gnoll

Illustrated notes

Levels and vault maps discovered:
D:1:      zelgadis_glass_arrival_small, layout_rooms,
          kennysheep_decorative_pillar, minmay_tetromino_l4
D:2:      minmay_general_purpose_star, layout_loops_corners,
          gammafunk_temple_overflow_wave
D:3:      layout_basic, grunt_temple_overflow_order_and_chaos_2,
          serial_bayou_ford_a
D:4:      layout_basic, minmay_temple_entry_mini_moons, uniq_duvessa
D:5:      layout_layer_cave, minmay_overflow_temple_star_hex, minitemple,
          first_ration, basic_altar

Skill      XL: |  1  2  3  4  5  6  7 |
---------------+----------------------+-----
Fighting       | 4 5 |  5.0
Axes           | 3 5 6 |  6.8
Shields        | 4 5 |  5.3
Dodging        | 1 |  1.8
Armour         | 4 5 |  5.1
Stealth        | |  0.1

Action                   |  1- 3 |  4- 6 |  7- 9 || total
-------------------------+-------+-------+-------++-------
Melee: War axe           |   175 |   280 |    72 ||   527
Throw: Stone             |       |       |     8 ||     8
  Use: Scroll            |     2 |     3 |     1 ||     6
       Potion            |     2 |       |     2 ||     4
  Eat: Ration            |     1 |       |       ||     1
       Chunk             |       |    10 |     4 ||    14
Armor: Scale mail        |    83 |    97 |    20 ||   200
Dodge: Dodged            |    45 |    85 |    24 ||   154
Block: Kite shield       |   106 |   155 |    53 ||   314
